Map: Ruins of Seras

Players

Phatas - Winner!

  • Race: Zerg Zerg
  • League: Diamond

MorN

  • Race: Terran Terran
  • League: Master

VOD

Have the link to the VOD?

Description

Time

  • Played on: Nov. 21, 2015, 11:43 p.m.
  • Length: 11:21
Show
View Real Time Build Order
Export as new Build Order

Phatas Zerg - Winner!

Build Orders: Hatch First 

Get SALT Encoding   

  12  0:01  Drone  
  13  0:13  Overlord  
  13  0:20  Drone  
  14  0:31  Drone x2  
  14  0:35  Drone  
  17  0:45  Drone  
  18  0:57  Hatchery  
  17  1:10  Spawning Pool  
  16  1:15  Drone  
  16  1:16  Extractor  
  17  1:18  Drone  
  17  1:25  Drone  
  18  1:31  Overlord  
  18  1:39  Drone  
  19  1:53  Drone  
  20  1:57  Queen  
  20  2:00  Zergling x2  
  23  2:09  Queen  
  23  2:12  Zergling x4  
  27  2:20  Metabolic Boost  
  27  2:33  Drone x4  
  31  2:41  Queen  
  33  2:49  Drone  
  33  2:50  Drone  
  35  3:00  Overlord  
  35  3:14  Overlord x2  
  35  3:20  Zergling x4  
  35  3:21  Zergling x2  
  35  3:23  Zergling x2  
  35  3:24  Zergling x4  
  41  3:27  Overlord  
  40  3:42  Drone x3  
  42  4:04  Drone x6  
  42  4:05  Drone  
  42  4:07  Drone x2  
  51  4:16  Hatchery  
  50  4:17  Overlord  
  50  4:18  Drone x2  
  52  4:24  Drone  
  52  4:26  Drone, Extractor x2  
  52  4:27  Extractor  
  51  4:35  Drone  
  52  4:40  Drone x3, Overlord  
  52  4:44  Drone x2, Overlord  
  57  4:55  Zergling x2  
  57  4:56  Zergling x2  
  58  5:00  Zergling x2  
  58  5:03  Overlord  
  59  5:08  Lair  
  59  5:09  Roach Warren  
  59  5:10  Evolution Chamber x2  
  56  5:19  Overlord  
  51  5:41  Overlord  
  49  5:44  Drone  
  49  5:45  Drone x7  
  49  5:47  Zerg Missile Weapons Level 1  
  49  5:48  Zerg Ground Armor Level 1  
  59  5:50  Roach x2  
  59  5:51  Spine Crawler  
  59  5:55  Roach  
  62  6:00  Roach  
  62  6:01  Roach  
  66  6:05  Glial Reconstitution  
  66  6:07  Roach  
  68  6:11  Drone  
  68  6:12  Drone  
  70  6:19  Roach  
  70  6:24  Hatchery  
  71  6:30  Overseer  
  71  6:32  Roach x2  
  83  6:33  Roach x6  
  83  6:35  Drone  
  83  6:39  Drone x3  
  92  6:40  Drone  
  92  6:46  Roach  
  87  7:19  Roach  
  87  7:20  Roach x12  
  111  7:36  Roach  
  123  7:37  Roach x5  
  123  7:46  Queen  
  123  7:49  Roach  
  127  7:53  Zerg Missile Weapons Level 2  
  127  7:57  Zerg Ground Armor Level 2  
  127  8:01  Overlord  
  127  8:03  Overlord  
  127  8:17  Overlord  
  127  8:18  Overlord  
  127  8:19  Queen  
  131  8:27  Roach x6  
  131  8:28  Roach x2  
  143  8:34  Overlord  
  143  8:35  Overlord  
  143  8:36  Roach  
  143  8:39  Drone x4  
  149  8:43  Roach  
  149  8:44  Roach  
  149  8:46  Roach  
  155  8:48  Overlord  
  155  8:51  Overlord  
  153  9:00  Overlord  
  149  9:13  Overseer  
  147  9:17  Roach  
  147  9:18  Roach x6  
  147  9:19  Ravager  
  147  9:20  Ravager  
  162  9:34  Roach x2  
  160  9:49  Extractor  
  160  9:50  Extractor  
  158  9:56  Hatchery  
  157  10:02  Ravager x4  
  159  10:31  Roach x3  
  159  10:32  Overlord, Roach x9  
  166  10:58  Roach x6  
  166  10:59  Roach x4  
Show
View Real Time Build Order
Export as new Build Order

MorN Terran 

Build Orders: Liberator Opening, Reaper Expand, MMM Bio 

Get SALT Encoding   

  12  0:00  SCV  
  13  0:12  SCV  
  14  0:18  Supply Depot  
  14  0:25  SCV  
  15  0:39  SCV  
  15  0:42  Barracks  
  16  0:45  Refinery  
  16  0:52  SCV  
  17  1:04  SCV  
  18  1:16  SCV  
  19  1:29  Reaper, Orbital Command  
  20  1:43  Command Center  
  20  1:51  Supply Depot  
  20  1:55  SCV  
  21  2:01  Reaper  
  21  2:07  SCV  
  23  2:19  SCV  
  24  2:25  Factory  
  24  2:31  SCV  
  25  2:43  Command Center, Barracks Reactor  
  25  2:45  SCV  
  25  2:50  Refinery  
  26  2:57  SCV  
  26  2:58  Orbital Command  
  27  3:09  SCV  
  28  3:25  Starport  
  28  3:26  SCV  
  29  3:27  SCV  
  30  3:37  Barracks Tech Lab  
  30  3:38  SCV  
  31  3:42  Hellion x2  
  31  3:46  SCV  
  36  3:51  SCV  
  36  3:52  Liberator  
  35  4:03  SCV, Hellion x2  
  35  4:07  Stimpack, Orbital Command  
  43  4:10  Marine  
  43  4:11  SCV  
  43  4:15  SCV  
  46  4:23  SCV  
  47  4:24  Hellion  
  47  4:25  Hellion  
  47  4:27  SCV  
  47  4:31  Marine  
  52  4:32  SCV  
  52  4:35  SCV  
  52  4:38  Refinery  
  55  4:39  SCV, Refinery  
  55  4:40  Engineering Bay  
  55  4:41  Engineering Bay  
  55  4:45  SCV  
  57  4:47  SCV  
  57  4:52  SCV  
  59  4:57  SCV  
  59  4:58  Factory Reactor  
  59  4:59  Barracks  
  60  5:00  Barracks  
  60  5:02  Starport Reactor  
  60  5:03  SCV  
  57  5:07  SCV  
  57  5:09  SCV  
  55  5:32  Orbital Command  
  54  5:36  SCV x2  
  56  5:48  SCV  
  57  5:51  Terran Infantry Weapons Level 1, SCV, Terran Infantry Armor Level 1  
  57  5:53  Supply Depot  
  57  5:54  Supply Depot  
  57  5:55  Factory Reactor  
  58  5:59  SCV  
  58  6:02  Marine  
  58  6:03  Marine  
  61  6:09  Barracks x2  
  61  6:13  Combat Shields  
  61  6:14  Marine x3  
  61  6:15  SCV x2  
  66  6:18  SCV  
  66  6:20  Marine x2  
  69  6:26  Medivac x2  
  69  6:27  SCV x2  
  69  6:30  SCV  
  69  6:32  Marine  
  76  6:38  Supply Depot  
  76  6:39  Supply Depot  
  77  6:48  Supply Depot  
  77  6:56  Barracks Tech Lab  
  77  6:57  Barracks Reactor, Marine  
  77  6:58  SCV  
  77  6:59  SCV x2, Marine x4  
  81  7:01  Medivac  
  81  7:02  Medivac  
  85  7:09  Widow Mine x2  
  85  7:10  SCV  
  85  7:11  SCV x2  
  92  7:16  Marauder  
  92  7:23  SCV, Marine  
  92  7:29  Marine x3  
  97  7:34  Barracks x2  
  94  7:37  Barracks  
  94  7:39  Marine x3  
  94  7:40  Marine  
  94  7:43  Marine  
  99  7:47  Marine  
  99  7:49  SCV  
  99  7:50  Armory  
  101  7:52  Refinery  
  101  7:53  Refinery  
  101  7:54  Supply Depot  
  101  7:59  Liberator x2  
  101  8:05  Concussive Shells  
  101  8:07  Supply Depot  
  101  8:09  Supply Depot  
  101  8:14  SCV, Marine  
  101  8:16  SCV, Marine  
  109  8:21  SCV  
  109  8:22  Marine  
  109  8:26  Marine  
  109  8:27  Marine  
  109  8:28  Marauder x2  
  109  8:32  Marine  
  94  8:49  Marine  
  94  8:50  Marine x2, Marauder  
  94  8:51  Widow Mine x2  
  98  8:59  Medivac x2  
  98  9:01  Marine  
  96  9:11  Liberator x2, Marauder  
  92  9:18  Marine x2  
  92  9:23  Marine x2  
  92  9:28  Orbital Command  
  92  9:29  Barracks  
  92  9:30  Barracks  
  92  9:31  Barracks  
  95  9:32  Marauder  
  95  9:36  Marine  
  95  9:37  Marine  
  93  9:40  Marine  
  93  9:44  Marine  
  91  9:54  Marauder  
  91  10:05  Marine x2  
  91  10:06  Marine x2  
  95  10:11  Medivac x2  
  91  10:15  Marauder  
  91  10:30  Marine x6  
  91  10:31  Marine  
  96  10:36  Marauder  
  96  10:37  Barracks  
  98  10:47  Marine  
  98  10:48  Marine  
  88  10:52  Marine  
  65  10:58  Marauder  
  65  10:59  Marine  
Tags
 
Add a new tag
Caveats
  • Supply blocks, unpowered buildings, or Contaminate may cause inaccurate times.
  • Supply counts are checked every 10 seconds.